 Dungeon Crawl Stone Soup version 0.26-a0-1139-g7d2dc893a1 (webtiles) character file.

Game seed: 2947672071724564410

96 Dracia the Skirmisher (level 4, -6/36 HPs)
             Began as a Demonspawn Fighter on Dec 21, 2020.
             Was an Initiate of Makhleb.
             Mangled by an ogre
             ... wielding a +0 giant spiked club
              (16 damage)
             ... on level 4 of the Dungeon.
             The game lasted 00:02:58 (2097 turns).

Dracia the Skirmisher (Demonspawn Fighter)          Turns: 2097, Time: 00:02:58

Health: -6/36      AC:  6    Str: 16    XL:     4   Next: 41%
Magic:  0/4        EV:  6    Int: 10    God:    Makhleb [......]
Gold:   153        SH:  9    Dex: 13    Spells: 3/3 levels left

rFire    . . .     SeeInvis .   a - +0 trident
rCold    . . .     Faith    .   c - +0 kite shield
rNeg     . . .     Spirit   +   b - +0 scale mail
rPois    .         Reflect  .   (no helmet)
rElec    .         Harm     .   (no cloak)
rCorr    .         Rampage  .   (no gloves)
Will     .....                  (no boots)
Stlth    ..........             G - amulet of guardian spirit
HPRegen  0.12/turn              (no ring)
MPRegen  0.09/turn              (no ring)

@: no status effects
A: powered by death 2
a: Renounce Religion


You were on level 4 of the Dungeon.
You worshipped Makhleb.
Makhleb was noncommittal.
You visited 1 branch of the dungeon, and saw 4 of its levels.

You collected 153 gold pieces.


Innate Abilities, Weirdness & Mutations

You regenerate health from kills.


   Skills:
 - Level 3.6 Fighting
 + Level 2.6 Polearms
 + Level 3.2 Armour
 + Level 3.3 Shields
 + Level 0.7 Invocations


You had 3 spell levels left.
You didn't know any spells.
Your spell library was empty.

Inventory:

Hand Weapons
 a - a +0 trident (weapon)
Missiles
 n - 39 poisoned darts (quivered)
Armour
 b - a +0 scale mail (worn)
 c - a +0 kite shield (worn)
Jewellery
 l - a -4 ring of protection
 G - an amulet of guardian spirit (around neck)
Scrolls
 e - a scroll of identify {@r1@r1}
 f - 3 scrolls of teleportation {@r4@r4}
 o - 2 scrolls of noise
 p - 3 scrolls of remove curse {@r2@r2}
 s - a scroll of enchant armour {unknown}
Potions
 d - a potion of might
 g - a potion of ambrosia {unknown}
 h - 3 potions of curing {unknown}
 i - 3 potions of brilliance {unknown}
 j - 4 potions of heal wounds {unknown}
 k - 3 potions of lignification {unknown}
 m - a potion of degeneration {unknown}
 q - a potion of mutation {unknown}

Dungeon Overview and Level Annotations

Branches:
Dungeon (4/15)
 Temple: D:4-7

Altars:
Dithmenos
Kikubaaqudgha
Makhleb

*,********,* *,*,,,,,,,,*
*,*,*,,,,,,* *,*,*,***,**** ***
*,,,,,,,,,,,,**** ********
**,**####*,*,***,**,,,,,
,,,,,,,***,,,,,..#*,,,,,,,,******
,,**,,,,,,,,,,*#.#********,**
,,**,*,***,,,**#@# *,,,*
,,,,,*,****,***#O#** *,,,*
,,****,*,...O......# *,,,*
,,****,*,###.......# *,,,*
*,,,,,,,,* #...#...# *,,,*
***,,,,,,**#.......#*****,,,*****
,**,,,,,,,..........,,,,,,,,,,,,,
,**,,,,,,..#..,......,,,,,,,,,,,,
,,,,,,,,,.##.[........,,,,,,,,,,,


You could see an ogre.


Message History

The worker ant bites you.
You hit the worker ant.
The worker ant is heavily wounded.
The worker ant completely misses you. You block the worker ant's attack.
You hit the worker ant.
The worker ant is almost dead.
The worker ant bites you.
The worker ant bites you but does no damage.
You hit the worker ant.
You kill the worker ant!
Makhleb accepts your kill.
You hit the ogre.
The ogre is moderately wounded.
The ogre hits you with a +0 giant spiked club!
* * * LOW HITPOINT WARNING * * *
You barely miss the ogre.
The ogre is moderately wounded.
The ogre hits you with a +0 giant spiked club.
* * * LOW HITPOINT WARNING * * *
You hit the ogre.
The ogre is moderately wounded.
The ogre hits you with a +0 giant spiked club!
* * * LOW HITPOINT WARNING * * *
You puncture the ogre!
The ogre is heavily wounded.
The ogre barely misses you.
You barely miss the ogre.
The ogre is heavily wounded.
The ogre hits you with a +0 giant spiked club!
You die...

Skill      XL: |  1  2 |
---------------+-------+-----
Polearms       | 2 |  2.6
Armour         | 3 |  3.2
Shields        | 3 |  3.3
Fighting       | |  3.6
Invocations    | |  0.7

Action                   |  1- 3 |  4- 6 || total
-------------------------+-------+-------++-------
Melee: Trident           |   150 |    43 ||   193
  Use: Scroll            |     5 |     1 ||     6
Armor: Scale mail        |    41 |    11 ||    52
Dodge: Dodged            |    25 |    11 ||    36
Block: Kite shield       |    61 |    16 ||    77

Levels and vault maps discovered:
D:1:      dpeg_arrival_arbitrary_a, layout_basic
D:2:      layout_loops_ring, bloody_makhleb
D:3:      layout_rooms, old_standard_altar, chequers_ecumenical_altar_simple,
          nicolae_dithmenos_through_a_glass_darkly
D:4:      layout_loops_cross, serial_shops, nicolae_shop_waterfront,
          lightli_ossuary_entry_decrepit_ruins, chequers_serial_rivers_micro_d,
          uniq_sigmund

Notes
Turn   | Place    | Note
-------+----------+-------------------------------------------
     0 | D:1      | Dracia the Demonspawn Fighter began the quest for the Orb.
     0 | D:1      | Reached XP level 1. HP: 18/18 MP: 1/1
   141 | D:1      | Reached skill level 2 in Polearms
   141 | D:1      | Gained mutation: You regenerate a little health from kills.
                  | [demonic ancestry]
   141 | D:1      | Reached XP level 2. HP: 24/24 MP: 2/2
   523 | D:1      | Reached skill level 3 in Armour
   921 | D:2      | Reached skill level 3 in Shields
   937 | D:2      | Gained mutation: You regenerate health from kills. [demonic
                  | ancestry]
   937 | D:2      | Reached XP level 3. HP: 29/29 MP: 3/3
  1241 | D:2      | Found a burning altar of Makhleb.
  1285 | D:2      | Became a worshipper of Makhleb the Destroyer
  1684 | D:3      | Found a shadowy altar of Dithmenos.
  1721 | D:3      | Found a faded altar of an unknown god.
  1733 | D:3      | Reached XP level 4. HP: 35/35 MP: 4/4
  1747 | D:3      | Found an ancient bone altar of Kikubaaqudgha.
  2081 | D:4      | Noticed an ogre
  2097 | D:4      | Mangled by an ogre

Vanquished Creatures
  A worker ant (D:4)
  An adder (D:2)
  A worm (D:2)
  3 dart slugs
  2 leopard geckos
  6 giant cockroaches
  4 goblins
  8 hobgoblins
  8 kobolds
  A quokka (D:4)
  A ball python (D:2)
  6 bats
  4 frilled lizards
  6 rats
52 creatures vanquished.

Table legend: (Time is in decaauts)
 A = Elapsed time spent in this place.
 B = Non-inter-level travel time spent in this place.
 C = Inter-level travel time spent in this place.
 D = Time resting spent in this place.
 E = Time spent auto-exploring this place.
 F = Levels seen in this place.
 G = Mean time per level.
                   A        B        C        D        E       F      G
               +--------+--------+--------+--------+--------+-----+--------+
         Total |   2146 |   2061 |     85 |      0 |   1665 |   4 |  536.5 |
       Dungeon |   2146 |   2061 |     85 |      0 |   1665 |   4 |  536.5 |
               +--------+--------+--------+--------+--------+-----+--------+

Top non-repeatable levels by time:
     D:1: 931 daAuts
     D:3: 602 daAuts
     D:2: 593 daAuts
     D:4: 19 daAuts

Table legend:
 A = Non-vault XP
 B = Vault XP
 C = Vault XP percentage of total XP
 D = Non-vault monster count
 E = Vault monster count
 F = Vault count percentage of total count
                 A         B        C        D         E       F
            +---------+---------+-------+---------+---------+-------
      Total |     138 |       0 |   0.0 |      52 |       0 |   0.0
            +---------+---------+-------+---------+---------+-------
        D:1 |      35 |       0 |   0.0 |      19 |       0 |   0.0
        D:2 |      50 |       0 |   0.0 |      21 |       0 |   0.0
        D:3 |      18 |       0 |   0.0 |      10 |       0 |   0.0
        D:4 |      35 |       0 |   0.0 |       2 |       0 |   0.0
            +---------+---------+-------+---------+---------+-------
